 Dungeon Crawl Stone Soup version 0.27-a0-1334-g2746e35aca (webtiles) character file.

Game seed: 7906535415755467999

16 hatdisgam the Covert (level 2, -2/29 HPs)
             Began as a Gnoll Delver on June 27, 2021.
             Was an Initiate of Dithmenos.
             Succumbed to a scorpion's poison
             ... on level 1 of the Dungeon.
             The game lasted 00:02:06 (305 turns).

hatdisgam the Covert (Gnoll Delver)                  Turns: 305, Time: 00:02:06

Health: -2/29      AC:  7    Str: 11    XL:     2   Next: 54%
Magic:  2/2        EV: 11    Int:  9    God:    Dithmenos [......]
Gold:   14         SH:  0    Dex: 13    Spells: 1/1 levels left

rFire    . . .     SeeInvis .   a - +0 falchion
rCold    . . .     Faith    .   (no shield)
rNeg     . . .     Spirit   .   i - +2 ring mail {Will+}
rPois    .         Reflect  .   (no helmet)
rElec    .         Harm     .   (no cloak)
rCorr    .         Rampage  .   (no gloves)
Will     +....                  (no boots)
Stlth    +++.......             (no amulet)
HPRegen  0.09/turn              (no ring)
MPRegen  0.08/turn              (no ring)

@: lethally poisoned (-2 -> -14), attractive, hasted, very quick
A: fangs 1, strong nose, distributed training
a: Renounce Religion


You were on level 1 of the Dungeon.
You worshipped Dithmenos.
Dithmenos was noncommittal.
You visited 1 branch of the dungeon, and saw 5 of its levels.

You collected 14 gold pieces.

Inventory:

Hand Weapons
 a - a +0 falchion (weapon)
Armour
 b - a +0 leather armour
 i - a +2 ring mail of willpower (worn)
Wands
 g - a wand of digging (2)
Scrolls
 c - a scroll of fog
 d - a scroll of magic mapping
 e - a scroll of fear
 j - a scroll of identify {unknown}


   Skills:
 + Level 6.5 Fighting
 + Level 0.4 Short Blades
 + Level 4.5 Long Blades
 + Level 0.4 Axes
 + Level 0.4 Maces & Flails
 + Level 0.4 Polearms
 + Level 0.4 Staves
 + Level 0.4 Slings
 + Level 0.4 Bows
 + Level 0.4 Crossbows
 + Level 0.4 Throwing
 + Level 0.4 Armour
 + Level 4.5 Dodging
 + Level 9.5 Stealth
 + Level 0.4 Shields
 + Level 0.4 Unarmed Combat
 + Level 0.4 Spellcasting
 + Level 0.2 Conjurations
 + Level 0.2 Hexes
 + Level 0.2 Summonings
 + Level 0.2 Necromancy
 + Level 0.2 Translocations
 + Level 0.2 Transmutations
 + Level 0.2 Fire Magic
 + Level 0.2 Ice Magic
 + Level 0.2 Air Magic
 + Level 0.2 Earth Magic
 + Level 0.2 Poison Magic
 + Level 0.5 Invocations
 + Level 0.4 Evocations


You had one spell level left.
You didn't know any spells.
Your spell library was empty.

Dungeon Overview and Level Annotations

Branches:
Dungeon (5/15)
 Temple: D:4-7

Altars:
Dithmenos
Trog
Yredelemnul


Innate Abilities, Weirdness & Mutations

You have very sharp teeth.
Your uncanny sense of smell can sniff out nearby items.
Your experience applies equally to all skills.


Message History

You feel yourself speed up.
You feel sick. The scorpion stings you.
* * * LOW HITPOINT WARNING * * *
* * * LOW HITPOINT WARNING * * *
You feel sick.
* * * LOW HITPOINT WARNING * * *
You feel sick. The hobgoblin is pulled toward you!
* * * LOW HITPOINT WARNING * * *
You feel sick. The scorpion is pulled toward you!
* * * LOW HITPOINT WARNING * * *
You feel sick. The hobgoblin misses you.
A quokka comes into view.
The quokka is pulled toward you!
* * * LOW HITPOINT WARNING * * *
You feel sick. The hobgoblin is pulled toward you!
The scorpion is pulled toward you! The hobgoblin is pulled toward you!
* * * LOW HITPOINT WARNING * * *
You feel sick.
* * * LOW HITPOINT WARNING * * *
You feel sick.
You are no longer poisoned.
The hobgoblin is pulled toward you! The quokka is pulled toward you!
The quokka is pulled toward you! The hobgoblin is pulled toward you!
The quokka is pulled toward you!
You aren't carrying any potions.
You closely miss the scorpion.
You bite the scorpion, but do no damage.
The scorpion barely misses you.
You hit the scorpion but do no damage. Your bite misses the scorpion.
The scorpion barely misses you.
You riposte.
You hit the scorpion.
The scorpion is moderately wounded.
You closely miss the scorpion.
The scorpion is moderately wounded.
The scorpion stings you.
* * * LOW HITPOINT WARNING * * *
You are lethally poisoned!
The scorpion poisons you!
You hit the scorpion.
The scorpion is heavily wounded.
You die...

#.. .. ... #.#. #..
.....# #.#
###.#.#.# #.#
#....... #.#
#.#.#.##
#######r####......#
#....@sg.....#.#.##
############......#
#.#.#.## #....>.#
#.#.#.## #...###
#####


You could see a scorpion, a quokka and a hobgoblin.

Vanquished Creatures
  A hound skeleton (D:5)
  An endoplasm (D:3)
  2 goblins (D:3)
4 creatures vanquished.

Notes
Turn   | Place    | Note
-------+----------+-------------------------------------------
     0 | D:5      | Reached skill level 9 in Stealth
     0 | D:5      | hatdisgam the Gnoll Delver began the quest for the Orb.
     0 | D:5      | Reached XP level 1. HP: 23/23 MP: 1/1
     2 | D:5      | Found a basalt altar of Yredelemnul.
    10 | D:5      | Became a worshipper of Dithmenos the Shadowed
    60 | D:5      | Reached XP level 2. HP: 16/29 MP: 2/2
   272 | D:2      | Noticed a scorpion
   298 | D:1      | HP: 1/29 [poisoned by a scorpion]
   304 | D:1      | HP: 1/29 [scorpion (1)]
   305 | D:1      | Succumbed to a scorpion's poison

Illustrated notes

Levels and vault maps discovered:
D:1:      minmay_arrival_loop, layout_basic, serial_aquarium,
          aquarium_bridge_long_joined [aquarium_subvault_wall,
          aquarium_subvault_window, aquarium_subvault_bridge,
          aquarium_subvault_bridge, aquarium_subvault_balcony,
          aquarium_subvault_window], aquarium_bridge_square
          [aquarium_subvault_window, aquarium_subvault_wall,
          aquarium_subvault_bridge, aquarium_subvault_bridge],
          aquarium_window_corridor_3, aquarium_window_2, aquarium_view_2f,
          aquarium_balcony_5a, chequers_ecumenical_altar_twisty, st_stairs_13
D:2:      layout_rooms, serial_shops, nicolae_shop_trees
D:3:      layout_basic, amcnicky_altar_gilded, moated_statue,
          minmay_snake_closets
D:4:      layout_basic, cheibrodos_worm_habitat, st_stairs_8
D:5:      minmay_goblin_kobold_castle, layout_basic,
          nicolae_overflow_hidden_temple, temple_statues, uniq_blork_the_orc,
          uniq_eustachio, uniq_ijyb, uniq_duvessa, uniq_prince_ribbit1

Skill      XL: | |
---------------+-+-----
Stealth        | |  9.5
Fighting       | |  6.5
Short Blades   | |  0.4
Long Blades    | |  4.5
Axes           | |  0.4
Maces & Flails | |  0.4
Polearms       | |  0.4
Staves         | |  0.4
Slings         | |  0.4
Bows           | |  0.4
Crossbows      | |  0.4
Throwing       | |  0.4
Armour         | |  0.4
Dodging        | |  4.5
Shields        | |  0.4
Unarmed Combat | |  0.4
Spellcasting   | |  0.4
Conjurations   | |  0.2
Hexes          | |  0.2
Summonings     | |  0.2
Necromancy     | |  0.2
Translocations | |  0.2
Transmutations | |  0.2
Fire Magic     | |  0.2
Ice Magic      | |  0.2
Air Magic      | |  0.2
Earth Magic    | |  0.2
Poison Magic   | |  0.2
Invocations    | |  0.5
Evocations     | |  0.4

Action                   || total
-------------------------++-------
Melee: Falchion          ||    17
       Bite              ||     2
Evoke: Wand              ||     1
  Use: Potion            ||     2
 Stab: Sleeping          ||     2
Armor: Ring mail         ||     3
Dodge: Dodged            ||    14
       Rpst.: Falchion   ||     4

Table legend: (Time is in decaauts)
 A = Elapsed time spent in this place.
 B = Non-inter-level travel time spent in this place.
 C = Inter-level travel time spent in this place.
 D = Time resting spent in this place.
 E = Time spent auto-exploring this place.
 F = Levels seen in this place.
 G = Mean time per level.
                   A        B        C        D        E       F      G
               +--------+--------+--------+--------+--------+-----+--------+
         Total |    300 |    300 |      0 |    128 |      7 |   5 |   60.0 |
       Dungeon |    300 |    300 |      0 |    128 |      7 |   5 |   60.0 |
               +--------+--------+--------+--------+--------+-----+--------+

Top non-repeatable levels by time:
     D:5: 218 daAuts
     D:3: 46 daAuts
     D:1: 14 daAuts
     D:2: 12 daAuts
     D:4: 7 daAuts
